 Dungeon Crawl Stone Soup version 0.30-a0-154-gb106f4c828 (webtiles) character file.

Game seed: 14175157260251241553

23799 Decritt the Fighter (level 13, -1/126 HPs)
             Began as a Gargoyle Earth Elementalist on Sept 27, 2022.
             Was an Elder of Vehumet.
             Slain by a reaper
             ... wielding a +2 scythe of freezing
              (8 damage)
             ... in an ice cave.
             The game lasted 01:13:40 (16590 turns).

Decritt the Fighter (Gargoyle Earth Elementalist)  Turns: 16590, Time: 01:13:40

Health: -1/126     AC: 27    Str: 13    XL:     13   Next: 9%
Magic:  25/25      EV: 15    Int: 25    God:    Vehumet [****..]
Gold:   893        SH:  6    Dex: 20    Spells: 24/28 levels left

rFire   . . .      SeeInvis +    n - +5 eveningstar "Lotem" {flame, Int+3 SInv}
rCold   + . .      Faith    .    L - +0 buckler
rNeg    + . .      Spirit   .    f - +4 ring mail "Maukir" {Will- Regen+ Dex+8}
rPois   ∞          Reflect  .    J - +1 helmet {rF+}
rElec   +          Harm     .    D - +1 cloak
rCorr   +          Rampage  .    c - +1 pair of gloves
Will    .....                    (no boots)
Stlth   ..........               l - amulet of magic regeneration
HPRegen 1.11/turn                a - ring "Kiaruat" {rCorr Int+2 Dex+2}
MPRegen 0.59/turn                M - ring of ice

@: berserking, silenced, very quick
A: sickness immunity, AC +9, negative energy resistance 1, electricity
resistance, torment resistance 1, petrification resistance
a: Renounce Religion


You were in an ice cave.
You worshipped Vehumet.
Vehumet was greatly pleased with you.
You visited 3 branches of the dungeon, and saw 16 of its levels.
You also visited: Ice Cave.

You collected 1140 gold pieces.
You spent 247 gold pieces at shops.

Inventory:

Hand Weapons
 n - the +5 eveningstar "Lotem" (weapon) {flame, Int+3 SInv}
   (You acquired it on level 4 of the Dungeon)

   It burns those it strikes, dealing additional fire damage.
   Int:       It affects your intelligence (+3).
   SInv:      It lets you see invisible.
 F - the +9 dagger of Cuoridot {venom, rC+ SInv}
   (You found it on level 8 of the Dungeon)

   It poisons the flesh of those it strikes.
   rC:        It protects you from cold.
   SInv:      It lets you see invisible.
Missiles
 C - a throwing net
Armour
 c - a +1 pair of gloves (worn)
 f - the +4 ring mail "Maukir" (worn) {Will- Regen+ Dex+8}
   (You found it on level 3 of the Dungeon)

   Dex:       It affects your dexterity (+8).
   Regen:     It increases your rate of health regeneration.
   Will:      It decreases your willpower.
 t - a +3 leather armour
 D - a +1 cloak (worn)
 I - +0 acid dragon scales
 J - a +1 helmet of fire resistance (worn)
 L - a +0 buckler (worn)
Magical Staves
 q - a staff of air
 K - a staff of earth
Jewellery
 a - the ring "Kiaruat" (left hand) {rCorr Int+2 Dex+2}
   (You acquired it on level 4 of the Dungeon)

   [ring of resist corrosion]

   Int:       It affects your intelligence (+2).
   Dex:       It affects your dexterity (+2).
   rCorr:     It protects you from acid and corrosion.
 k - a ring of fire
 l - an amulet of magic regeneration (around neck)
 w - an amulet of reflection
 M - a ring of ice (right hand)
Wands
 e - a wand of mindburst (7)
 p - a wand of flame (28)
 v - a wand of roots (5)
 y - a wand of polymorph (4)
Scrolls
 g - a scroll of torment {unknown}
 i - 2 scrolls of poison {unknown}
 j - 2 scrolls of teleportation
 o - a scroll of brand weapon {unknown}
 s - a scroll of blinking
 u - a scroll of noise {unknown}
 B - 3 scrolls of amnesia
Potions
 b - a potion of magic
 d - 2 potions of flight
 m - a potion of brilliance
 r - 2 potions of mutation {unknown}
 x - 2 potions of heal wounds {unknown}
 A - a potion of resistance {unknown}
 G - 2 potions of ambrosia
 H - a potion of invisibility


   Skills:
 + Level 11.2 Fighting
 - Level 3.2 Maces & Flails
 - Level 9.0 Armour
 + Level 8.9 Dodging
 - Level 2.1 Stealth
 + Level 3.8 Shields
 + Level 8.3 Spellcasting
 - Level 7.0 Conjurations
 - Level 0.7 Transmutations
 - Level 9.5 Earth Magic


You had 24 spell levels left.
You knew the following spells:

 Your Spells              Type           Power      Damage    Failure   Level
a - Sandblast             Erth           100%       2d20      1%          1
b - Stone Arrow           Conj/Erth      100%       3d13      1%          3

Your spell library contained the following spells:

 Spells                   Type           Power      Damage    Failure   Level
 Irradiate                Conj/Tmut      14%        3d16      21%         5
 Passwall                 Tmut/Erth      30%        N/A       2%          2
 Poisonous Vapours        Pois/Air       20%        N/A       6%          2
 Sticky Flame             Conj/Fire      28%        2d5       9%          4
 Ignite Poison            Fire/Tmut/Pois 11%        N/A       11%         3
 Inner Flame              Hex/Fire       10%        N/A       11%         3
 Sting                    Tmut/Pois      48%        1d5       12%         1
 Petrify                  Tmut/Erth      36%        N/A       17%         4
 Blink                    Tloc           20%        N/A       22%         2
 Olgreb's Toxic Radiance  Pois           10%        N/A       32%         4
 Confusing Touch          Hex            10%        N/A       38%         3
 Lesser Beckoning         Tloc           10%        N/A       38%         3
 Portal Projectile        Hex/Tloc       20%        N/A       38%         3
 Tukima's Dance           Hex            10%        N/A       38%         3
 Yara's Violent Unravell  Hex/Tmut       6%         3d5       61%         5
 Cause Fear               Hex            5%         N/A       80%         4
 Dispel Undead            Necr           10%        3d9       80%         4
 Manifold Assault         Tloc           10%        N/A       80%         4
 Passage of Golubria      Tloc           10%        N/A       80%         4
 Blade Hands              Tmut           7%         N/A       96%         5
 Silence                  Hex/Air        5%         N/A       98%         5
 Lehudib's Crystal Spear  Conj/Erth      25%        10d7      99%         8
 Death Channel            Necr           5%         N/A       100%        6
 Enfeeble                 Hex            5%         N/A       100%        7
 Discord                  Hex            5%         N/A       100%        8
 Cigotuvi's Dreadful Rot  Necr/Pois/Air  Unusable   N/A       N/A         2

Dungeon Overview and Level Annotations

Branches:
Dungeon (12/15)            Temple (1/1) D:5            Lair (3/5) D:8
  Swamp (0/4) Lair:3        Snake (0/4) Lair:3          Orc (0/2) D:10
  IceCv (1/1)

Altars:
Ashenzari
Cheibriados
Dithmenos
Elyvilon
Fedhas
Gozag
Hepliaklqana
Kikubaaqudgha
Makhleb
Nemelex Xobeh
Okawaru
Qazlal
Ru
Sif Muna
Trog
Uskayaw
Vehumet
Wu Jian
Xom
Yredelemnul
Zin
The Shining One

Shops:
D:11 *

Annotations:
D:11 1 runed translucent door, Casaw's ghost, journeyman SpEn
D:12 Sonja IceCv exclusion: ice statue


Innate Abilities, Weirdness & Mutations

You are immune to sickness and miasma.
Your stone body is resilient. (AC +9)
You are immune to poison.
You resist negative energy. (rN+)
You are resistant to electric shocks. (rElec)
You are resistant to unholy torment.
You are immune to petrification.


Message History

You hit the harpy simulacrum.
You melt the harpy simulacrum.
The harpy simulacrum is almost destroyed.
The harpy simulacrum claws you but does no damage.
The harpy simulacrum closely misses you. x2
The harpy simulacrum barely misses you. The reaper closely misses you.
The harpy simulacrum claws you but does no damage. x2
The reaper closely misses you.
You bludgeon the harpy simulacrum!!
You melt the harpy simulacrum.
The harpy simulacrum vaporises!
Vehumet accepts your kill.
You feel your power returning.
The reaper hits you from afar with a +2 scythe of freezing!!
* * * LOW HITPOINT WARNING * * *
The reaper freezes you.
* * * LOW HITPOINT WARNING * * *
Magic scrolls do not work when you're silenced!
Unknown command.
It was a potion of berserk rage.
A red film seems to cover your vision as you go berserk!
You feel yourself moving faster!
You feel mighty! The reaper hits you but does no damage.
The ice devil barely misses you.
You are too berserk!
Unknown command.
You puncture the ice devil! You burn the ice devil!
The ice devil is moderately wounded.
The ice devil hits you.
* * * LOW HITPOINT WARNING * * *
The ice devil freezes you! You resist.
* * * LOW HITPOINT WARNING * * *
The reaper hits you from afar with a +2 scythe of freezing!
* * * LOW HITPOINT WARNING * * *
Unknown command.
You thump the ice devil! You burn the ice devil.
The ice devil is severely wounded.
The reaper misses you. You block the ice devil's attack.
You sock the ice devil! You burn the ice devil.
The ice devil is almost dead.
You block the ice devil's attack.
The reaper hits you from afar with a +2 scythe of freezing!
You die...

#.# .). ##.. ... #
#..###.#
##..#Z#.≈#.#.## #.
#.....Z....#.?# #..
....Z.4....Z[#
#☼.§#...####..#24#
#§§§#.....4...#4##
##§§Z#.....2..##@#
#○§§§###..#..≈#...#
#.§....##.#..##.[.#
#..44.#.#..##...#
##.4..4Z.## #####
#........#
##.......#
#......## ##.....#


You could see a reaper, 2 ice devils and a death yak simulacrum.

Vanquished Creatures
  Fannar (Lair:2)
  A hydra (Lair:2)
  A boulder beetle (D:11)
  A two-headed ogre (D:8)
  5 skeletal warriors
  An oklob plant (Lair:1)
  An ice statue (IceCv)
  2 elephants (Lair:3)
  7 cane toads
  2 gargoyles
  An ice devil (IceCv)
  4 trolls
  A polar bear (Lair:1)
  Grinder (D:3)
  10 blink frogs
  A shadow (D:11)
  A vampire (D:9)
  6 wyverns
  15 yaks
  3 steam dragons (D:8)
  6 vampire mosquitoes
  Menkaure (D:6)
  A harpy simulacrum (IceCv)
  2 acid dragons (D:8)
  10 water moccasins
  2 sky beasts
  4 orc warriors
  An ice beast (D:5)
  6 ogres
  5 black bears
  6 wolves (Lair:2)
  5 centaurs
  A phantom (D:5)
  3 kobold brigands
  6 bullfrogs
  2 two-headed ogre simulacra (IceCv)
  3 scorpions
  11 wights
  An elephant simulacrum (IceCv)
  5 killer bees (D:10)
  4 howler monkeys
  2 jellies
  2 hounds
  A gnoll bouda (D:2)
  9 orc priests
  Crazy Yiuf (D:7)
  3 iguanas
  9 orc wizards
  A spriggan simulacrum (IceCv)
  A polar bear simulacrum (IceCv)
  3 gnolls
  9 adders
  A naga simulacrum (IceCv)
  A shadow imp (D:8)
  18 white imps
  3 ufetubi
  2 worms
  3 dart slugs
  34 orcs
  6 ball pythons
  A bat (D:1)
  3 endoplasms
  3 giant cockroaches
  11 goblins
  5 hobgoblins
  8 jackals
  19 kobolds
  4 quokkas
  A frilled lizard (D:3)
  3 rats
317 creatures vanquished.

Vanquished Creatures (others)
  An orc wizard (D:8)
  A white imp (D:8)
  9 fungi
  18 plants
29 creatures vanquished.

Grand Total: 346 creatures vanquished

Notes
Turn   | Place    | Note
-------+----------+-------------------------------------------
     0 | D:1      | Decritt the Gargoyle Earth Elementalist began the quest for
                  | the Orb.
     0 | D:1      | Reached XP level 1. HP: 10/10 MP: 3/3
   148 | D:1      | Reached XP level 2. HP: 16/16 MP: 3/5
   356 | D:1      | Found a faded altar of an unknown god.
   410 | D:1      | Reached skill level 1 in Fighting
   410 | D:1      | Reached skill level 1 in Armour
   411 | D:1      | Reached skill level 1 in Conjurations
   813 | D:1      | Reached XP level 3. HP: 20/20 MP: 4/6
   957 | D:1      | Learned a level 3 spell: Stone Arrow
  1530 | D:2      | Reached XP level 4. HP: 26/26 MP: 4/7
  1677 | D:2      | You fall into a shaft and drop 2 floors!
  1687 | D:4      | Noticed an ogre
  2009 | D:4      | Reached skill level 2 in Fighting
  2057 | D:4      | Reached XP level 5. HP: 24/30 MP: 5/8
  2134 | D:4      | Noticed a black bear
  2139 | D:5      | Entered Level 5 of the Dungeon
  2306 | D:4      | Killed an ogre
  2307 | D:4      | Reached XP level 6. HP: 32/36 MP: 6/9
  2371 | D:3      | Identified the +4 ring mail "Maukir" {Will- Regen+ Dex+8}
  2928 | D:2      | Reached skill level 3 in Fighting
  3209 | D:3      | Found a hazy altar of Hepliaklqana.
  3263 | D:3      | Found an opulent altar of Gozag.
  3337 | D:3      | Found a shimmering blue altar of Sif Muna.
  3486 | D:3      | Found a hide-covered altar of Uskayaw.
  3486 | D:3      | Found an ornate altar of the Wu Jian Council.
  3549 | D:4      | Noticed Grinder
  3575 | D:4      | Identified 2 scrolls of acquirement
  3575 | D:4      | Acquired the +5 eveningstar "Lotem" {flame, Int+3 SInv}
  3579 | D:4      | Acquired the ring "Kiaruat" {rCorr Int+2 Dex+2}
  3707 | D:4      | Found a sparkling altar of Nemelex Xobeh.
  4334 | D:4      | Paralysed by Grinder for 3 turns
  4352 | D:3      | Paralysed by Grinder for 5 turns
  4361 | D:3      | Killed Grinder
  4362 | D:3      | Reached skill level 1 in Maces & Flails
  4362 | D:3      | Reached XP level 7. HP: 27/41 MP: 8/10
  4702 | D:5      | Reached skill level 4 in Fighting
  4736 | D:5      | Reached XP level 8. HP: 44/48 MP: 10/12
  5410 | D:5      | Reached skill level 5 in Earth Magic
  5672 | D:5      | Found a staircase to the Ecumenical Temple.
  5696 | Temple   | Entered the Ecumenical Temple
  5896 | D:5      | Found a glowing golden altar of the Shining One.
  5997 | D:6      | Noticed a troll
  6003 | D:6      | Killed a troll
  6004 | D:6      | Reached skill level 5 in Fighting
  6004 | D:6      | Reached skill level 5 in Armour
  6170 | D:6      | Reached XP level 9. HP: 49/54 MP: 11/14
  6425 | D:6      | Found the amulet of Elemental Vulnerability {rPois rF--
                  | rC-- AC+8}
  6687 | D:6      | Found an iron altar of Okawaru.
  6771 | D:6      | Found a radiant altar of Vehumet.
  6805 | D:6      | Became a worshipper of Vehumet
  7046 | D:6      | Noticed Menkaure
  7176 | D:6      | Killed Menkaure
  7202 | D:6      | Reached skill level 6 in Fighting
  7202 | D:6      | Reached skill level 5 in Dodging
  7830 | D:7      | Reached skill level 5 in Conjurations
  8048 | D:7      | Found a runed translucent door.
  8049 | D:7      | Noticed Crazy Yiuf
  8054 | D:7      | Killed Crazy Yiuf
  8143 | D:7      | Reached XP level 10. HP: 61/61 MP: 12/16
  8287 | D:8      | Identified the +9 dagger of Cuoridot {venom, rC+ SInv}
  8416 | D:8      | Reached * piety under Vehumet
  8416 | D:8      | Offered knowledge of Freeze by Vehumet.
  8490 | D:8      | Found a snail-covered altar of Cheibriados.
  8549 | D:8      | Found a blossoming altar of Fedhas.
  8569 | D:8      | Noticed a two-headed ogre
  8577 | D:8      | Killed a two-headed ogre
  8578 | D:8      | Reached skill level 7 in Fighting
  8707 | D:8      | Found a staircase to the Lair.
  8788 | D:8      | Found an ancient bone altar of Kikubaaqudgha.
  9067 | D:8      | Reached skill level 5 in Spellcasting
  9245 | D:9      | Found a broken altar of Ashenzari.
 10263 | D:9      | Offered knowledge of Foxfire by Vehumet.
 10346 | D:9      | Reached ** piety under Vehumet
 10359 | D:9      | Reached XP level 11. HP: 42/68 MP: 13/19
 10486 | D:10     | Entered Level 10 of the Dungeon
 11163 | D:10     | Reached skill level 8 in Fighting
 12061 | D:10     | Found a staircase to the Orcish Mines.
 12311 | D:11     | Noticed a skeletal warrior
 12311 | D:11     | Noticed a skeletal warrior
 12329 | D:10     | Killed a skeletal warrior
 12355 | D:11     | Killed a skeletal warrior
 12398 | D:11     | Noticed a skeletal warrior
 12399 | D:11     | Noticed a skeletal warrior
 12399 | D:11     | Noticed a skeletal warrior
 12415 | D:11     | Killed a skeletal warrior
 12420 | D:10     | Killed a skeletal warrior
 12557 | D:11     | Killed a skeletal warrior
 12849 | D:11     | Noticed a boulder beetle
 12863 | D:11     | Killed a boulder beetle
 12941 | D:11     | Found a runed translucent door.
 12942 | D:11     | Noticed Casaw's ghost (journeyman SpEn)
 13506 | D:11     | Found Futake's Fire Supplies.
 13521 | D:11     | Bought a +1 helmet of fire resistance for 247 gold pieces
 13877 | D:12     | Reached skill level 9 in Fighting
 13900 | D:12     | Noticed Sonja
 13984 | Lair:1   | Entered Level 1 of the Lair of Beasts
 14009 | D:8      | Reached XP level 12. HP: 76/76 MP: 21/21
 14391 | Lair:1   | Offered knowledge of Mephitic Cloud by Vehumet.
 14392 | Lair:1   | Found a glowing golden altar of the Shining One.
 14525 | Lair:1   | Acquired a staff of earth
 14658 | Lair:1   | Reached skill level 10 in Fighting
 15309 | Lair:2   | Reached *** piety under Vehumet
 15374 | Lair:2   | Noticed an eight-headed hydra
 15384 | Lair:2   | Killed an eight-headed hydra
 15385 | Lair:2   | Reached skill level 1 in Shields
 15661 | Lair:2   | Offered knowledge of Fulminant Prism by Vehumet.
 15999 | Lair:3   | Noticed Fannar
 16087 | Lair:2   | Killed Fannar
 16112 | Lair:3   | Reached skill level 11 in Fighting
 16117 | Lair:3   | Reached XP level 13. HP: 28/84 MP: 16/25
 16234 | Lair:3   | Found a frozen archway.
 16257 | Lair:3   | Reached **** piety under Vehumet
 16290 | IceCv    | Entered an ice cave
 16297 | IceCv    | Offered knowledge of Irradiate by Vehumet.
 16572 | IceCv    | Noticed a reaper
 16588 | IceCv    | HP: 5/126 [reaper/+2 scythe of freezing (10)]
 16590 | IceCv    | Slain by a reaper

Illustrated notes

Levels and vault maps discovered:
D:1:      amcnicky_arrival_choice, layout_basic,
          hellmonk_ecumenical_altar_blasted, serial_bayou_pond_d,
          kennysheep_flooded_box, minmay_misc_feat_doors, minmay_heptomino_d4
D:2:      layout_basic, serial_forest, infiniplex_forest_lined_2,
          infiniplex_forest_end_3, infiniplex_forest_lined_corner,
          infiniplex_forest_clump_medium, infiniplex_forest_clump_small,
          infiniplex_forest_clump_large, infiniplex_forest_lined_corner
D:3:      layout_rooms, mainiacjoe_overflow_cross_hatched,
          general_overflow_altar, mainiacjoe_overflow_concentric_impassable,
          amethyst_overflow_temple_binary, chequers_serial_rivers_micro_c,
          nicolae_grassy_gnolls
D:4:      layout_basic, kennysheep_mini_moat, uniq_grinder
D:5:      minmay_polygon_palace, layout_basic, tso_oasis_becter,
          minmay_temple_entry_offerings
D:6:      layout_rooms, kennysheep_mini, nicolae_vehumet_radiance, uniq_menkaure
D:7:      layout_loops_cross, uniq_crazy_yiuf_cottage
D:8:      kennysheep_ambush_hall, layout_basic,
          mainiacjoe_overflow_six_doors_small, kennysheep_slug_shrine,
          kennysheep_little_box, lair_entry_dummy
D:9:      layout_stronghold, nicolae_ashenzari_skybound
D:10:     statuecave_lemuel, layout_layer_cave, orc_0_dummy
D:11:     layout_basic, gammafunk_ghost_grave, nicolae_shop_fire_sale
          [nicolae_sub_dead_trees]
D:12:     layout_rooms, serial_shops, shop, nicolae_diode_intersection,
          uniq_kirke, uniq_sonja
Temple:   nicolae_temple_ecumenical_triangle
Lair:1:   layout_cellular_growth, lemuel_oklob_altar
Lair:2:   layout_chaotic_city
Lair:3:   layout_misc_corridors, swamp_mist, dummy_snake_entry,
          portal_ice_cave_entry_imps, uniq_fannar
IceCv:    ice_cave_small_demon

Skill      XL: |  1  2  3  4  5  6  7  8  9 10 11 12 |
---------------+-------------------------------------+-----
Fighting       | 1 2 3 4 5 6 7 9 11 | 11.2
Armour         | 1 2 3 4 5 6 7 9 |  9.0
Conjurations   | 1 2 3 5 6 7 |  7.0
Dodging        | 2 3 4 5 6 7 8 |  8.9
Earth Magic    | 4 5 6 8 9 |  9.5
Maces & Flails | 1 2 3 |  3.2
Spellcasting   | 3 4 5 6 8 |  8.3
Shields        | 3 |  3.8
Stealth        | |  2.1
Transmutations | |  0.7

Action                   |  1- 3 |  4- 6 |  7- 9 | 10-12 | 13-15 || total
-------------------------+-------+-------+-------+-------+-------++-------
Melee: Eveningstar       |       |    11 |    73 |   187 |    47 ||   318
       Punch             |       |       |       |     3 |       ||     3
       Staff             |       |       |       |     2 |       ||     2
 Fire: Sling             |    16 |    35 |       |       |       ||    51
 Cast: Sandblast         |    47 |    88 |    99 |    43 |     9 ||   286
       Stone Arrow       |       |       |    18 |   236 |    18 ||   272
  Use: Scroll            |       |     8 |     2 |     6 |     7 ||    23
       Potion            |       |     2 |     1 |     2 |     7 ||    12
Armor: Leather armour    |     8 |    28 |    55 |       |       ||    91
       Ring mail         |       |       |    33 |   248 |    70 ||   351
       Skin              |       |       |     2 |       |       ||     2
Dodge: Dodged            |    13 |    62 |   103 |   391 |    81 ||   650
Block: Buckler           |       |       |       |    25 |    32 ||    57

Table legend: (Time is in decaauts)
 A = Elapsed time spent in this place.
 B = Non-inter-level travel time spent in this place.
 C = Inter-level travel time spent in this place.
 D = Time resting spent in this place.
 E = Time spent auto-exploring this place.
 F = Levels seen in this place.
 G = Mean time per level.
                   A        B        C        D        E       F      G
               +--------+--------+--------+--------+--------+-----+--------+
         Total |  16882 |  16405 |    477 |   5083 |   7624 |  17 |  993.1 |
       Dungeon |  14178 |  13793 |    385 |   4411 |   6398 |  12 | 1181.5 |
        Temple |     48 |     42 |      6 |      0 |     30 |   1 |   48.0 |
          Lair |   2343 |   2258 |     85 |    465 |   1196 |   3 |  781.0 |
      Ice Cave |    312 |    312 |      0 |    207 |      0 |   1 |  312.0 |
               +--------+--------+--------+--------+--------+-----+--------+

Top non-repeatable levels by time:
    D:10: 1975 daAuts
     D:5: 1609 daAuts
     D:6: 1572 daAuts
    D:11: 1440 daAuts
  Lair:1: 1299 daAuts
     D:9: 1284 daAuts
     D:1: 1209 daAuts
     D:4: 1190 daAuts
     D:2: 1128 daAuts
     D:8: 1081 daAuts
     D:3: 977 daAuts
  Lair:2: 913 daAuts
     D:7: 666 daAuts
   IceCv: 312 daAuts
  Lair:3: 131 daAuts
